 Dungeon Crawl Stone Soup version 0.26-a0-812-g31a745ddcd (webtiles) character file.

Game seed: 10860138544334415906

37 Lanoc the Bolt Thrower (level 3, -1/31 HPs)
             Began as a Deep Dwarf Arcane Marksman on Nov 19, 2020.
             Slain by an adder (2 damage)
             ... on level 2 of the Dungeon.
             The game lasted 00:02:26 (527 turns).

Lanoc the Bolt Thrower (Deep Dwarf Arcane Marksman)  Turns: 527, Time: 00:02:27

Health: -1/31      AC:  2    Str: 11    XL:     3   Next: 21%
Magic:  4/4        EV: 13    Int: 13    God:
Gold:   78         SH:  0    Dex: 14    Spells: 3/4 levels left

rFire    . . .     SeeInvis .   b - +0 short sword (speed)
rCold    . . .     Faith    .   (no shield)
rNeg     . . .     Spirit   .   e - +0 robe
rPois    .         Reflect  .   (no helmet)
rElec    .         Harm     .   (no cloak)
rCorr    .         Rampage  .   (no gloves)
MR       +....                  (no boots)
Stlth    +.........             (no amulet)
HPRegen  0.00/turn              (no ring)
MPRegen  0.09/turn              (no ring)

@: non-regenerating
A: damage resistance, heal wounds, magic resistance 1, sense surroundings 1,
weak 1, no regeneration
a: Heal Wounds


You were on level 2 of the Dungeon.
You visited 1 branch of the dungeon, and saw 2 of its levels.

You collected 78 gold pieces.

Inventory:

Hand Weapons
 a - a +0 hand crossbow
 b - a +0 short sword of speed (weapon)
Missiles
 d - 9 bolts
Armour
 e - a +0 robe (worn)


   Skills:
 + Level 1.5 Fighting
 * Level 3.3 Crossbows
 + Level 2.7 Dodging
 - Level 1.0 Spellcasting
 - Level 2.4 Hexes


You had 3 spell levels left.
You knew the following spells:

 Your Spells              Type           Power        Failure   Level
a - Corona                Hex            #......      11%         1

Your spell library contained the following spells:

 Spells                   Type           Power        Failure   Level
 Slow                     Hex            #.......     16%         2
 Inner Flame              Hex/Fire       #.......     45%         3
 Portal Projectile        Hex/Tloc       #.....       45%         3
 Cause Fear               Hex            #.........   71%         4
 Leda's Liquefaction      Hex/Erth       #.........   86%         4


Dungeon Overview and Level Annotations

Branches:
Dungeon (2/15)

Altars:


Innate Abilities, Weirdness & Mutations

You are resistant to damage.
You can heal yourself by infusing magical energy.
You passively map a small area around you.
You do not regenerate.
You are resistant to hostile enchantments. (MR+)
You are weak. (Str -2)


Message History

Aim: an adder You shoot a bolt.
The bolt closely misses the adder.
Firing (i - inventory)
d - 11 bolts (quivered)
Press: ? - help, Shift-Dir - straight line, f/p - adder
Aim: an adder You shoot a bolt.
The bolt closely misses the adder.
Firing (i - inventory)
d - 10 bolts (quivered)
Press: ? - help, Shift-Dir - straight line, f/p - adder
Aim: an adder You shoot a bolt.
The bolt closely misses the adder.
The adder misses you.
Your hands tingle!
b - a +0 short sword of speed (weapon)
You closely miss the adder. The adder misses you.
You hit the adder.
The adder is lightly wounded.
The adder closely misses you.
You hit the adder.
The adder is moderately wounded.
The adder bites you.
You die...

,* #########
#.......# #.#####.#
#.# #.######
..####.# #....@.#
<......##########S#
...........# (# *
##########.# .# **
* ** * #.# *(# * ,
8# , #.# *(#** ,, #
#.# .#* , , , * #.#
.#*, * , , #.# ###
* , ,, *


You could see an adder.

Vanquished Creatures
  An adder (D:2)
  2 giant cockroaches (D:1)
  3 goblins
  3 hobgoblins (D:1)
  4 jackals (D:1)
  3 bats
  2 frilled lizards
  7 kobolds
  A rat (D:1)
26 creatures vanquished.

Notes
Turn   | Place    | Note
-------+----------+-------------------------------------------
     0 | D:1      | Lanoc the Deep Dwarf Arcane Marksman began the quest for
                  | the Orb.
     0 | D:1      | Reached XP level 1. HP: 16/16 MP: 2/2
    20 | D:1      | Reached skill level 1 in Fighting
    51 | D:1      | Reached XP level 2. HP: 25/25 MP: 3/3
   270 | D:1      | Reached skill level 3 in Crossbows
   315 | D:2      | Gained mutation: You are weak. (Str -2) [potion of
                  | mutation]
   315 | D:2      | Gained mutation: You are resistant to hostile enchantments.
                  | (MR+) [potion of mutation]
   479 | D:2      | HP: 1/25 [adder (2)]
   480 | D:2      | Reached XP level 3. HP: 1/31 MP: 4/4
   527 | D:2      | Slain by an adder

Illustrated notes

Levels and vault maps discovered:
D:1:      lemuel_arrival_behind_the_door_small, layout_basic,
          minmay_misc_feat_pillars, minmay_misc_feat_room
D:2:      layout_loops_ring, eat_drink_and_be_merry_uskayaw,
          nicolae_overflow_hidden_temple, chequers_ecumenical_altar_twisty,
          nrook_uturn, uniq_jessica

Skill      XL: |  1  2 |
---------------+-------+-----
Fighting       | 1 |  1.5
Crossbows      | 3 |  3.3
Dodging        | |  2.7
Spellcasting   | |  1.0
Hexes          | |  2.4

Action                   || total
-------------------------++-------
Melee: Unarmed           ||    38
       Short sword       ||    12
 Fire: Hand crossbow     ||    70
  Use: Potion            ||     3
Armor: Robe              ||    28
       Skin              ||     3
Dodge: Dodged            ||   102

Table legend: (Time is in decaauts)
 A = Elapsed time spent in this place.
 B = Non-inter-level travel time spent in this place.
 C = Inter-level travel time spent in this place.
 D = Time resting spent in this place.
 E = Time spent auto-exploring this place.
 F = Levels seen in this place.
 G = Mean time per level.
                   A        B        C        D        E       F      G
               +--------+--------+--------+--------+--------+-----+--------+
         Total |    545 |    545 |      0 |     40 |    281 |   2 |  272.5 |
       Dungeon |    545 |    545 |      0 |     40 |    281 |   2 |  272.5 |
               +--------+--------+--------+--------+--------+-----+--------+

Top non-repeatable levels by time:
     D:1: 332 daAuts
     D:2: 212 daAuts
